 Dungeon Crawl Stone Soup version 0.31.0-11-ge490571c62 (webtiles) character file.

Game seed: 11784784769185299003

242 tilp the Chopper (level 5, -3/47 HPs)
             Began as a Minotaur Berserker on Feb 4, 2024.
             Was a Believer of Trog.
             Incinerated by a bombardier beetle (6 damage)
             ... with a burning spray
             ... on level 3 of the Dungeon.
             The game lasted 00:02:45 (2111 turns).

tilp the Chopper (Minotaur Berserker)               Turns: 2111, Time: 00:02:45

Health: -3/47      AC: 11    Str: 23    XL:     5   Next: 81%
Magic:  4/4        EV:  9    Int:  4    God:    Trog [**....]
Gold:   179        SH:  0    Dex: 10    Spells: 4/4 levels left

rFire   . . .        a - +0 war axe
rCold   . . .        (no shield)
rNeg    . . .        q - +0 chain mail
rPois   .            (helmet restricted)
rElec   .            r - +0 cloak
rCorr   .            (no gloves)
SInv    .            m - +0 pair of boots
Will    .....        (no amulet) Stlth
                     (no ring)
HPRegen 0.27/turn    (no ring)
MPRegen 0.09/turn

%: no passive effects
@: on fire, glowing
A: horns 2, retaliatory headbutt
a: Renounce Religion, Berserk, Trog's Hand


You were on level 3 of the Dungeon.
You worshipped Trog.
Trog was pleased with you.
You visited 1 branch of the dungeon, and saw 3 of its levels.

You collected 179 gold pieces.

Inventory:

Hand Weapons
 a - a +0 war axe (weapon)
 b - a +1 hand axe
Missiles
 i - 21 stones (quivered)
 k - 3 curare-tipped darts {!f}
Armour
 m - a +0 pair of boots (worn)
 q - a +0 chain mail (worn)
 r - a +0 cloak (worn)
Scrolls
 f - 3 scrolls of teleportation
 l - a scroll of amnesia {unknown}
 n - 2 scrolls of enchant armour {unknown}
 o - a scroll of brand weapon {unknown}
 p - a scroll of identify
Potions
 c - a potion of enlightenment
 d - 3 potions of might {unknown}
 e - a potion of degeneration {unknown}
 g - a potion of invisibility {unknown}
 h - 2 potions of curing {unknown}
 j - a potion of mutation {unknown}


   Skills:
 + Level 4.6 Fighting
 * Level 5.4 Axes
 + Level 3.8 Armour
 + Level 3.3 Dodging
 + Level 1.8 Stealth


You had 4 spell levels left.
You didn't know any spells.
Your spell library was empty.

Dungeon Overview and Level Annotations

Branches:
Dungeon (3/15)

Altars:
Qazlal
Vehumet
Wu Jian
Yredelemnul
Zin
The Shining One


Innate Abilities, Weirdness & Mutations

You have a pair of horns on your head.
You reflexively headbutt those who attack you in melee.


Message History

You punch the bombardier beetle, but do no damage.
The liquid fire burns you!
You hit the bombardier beetle but do no damage.
The liquid fire burns you!
The bombardier beetle barely misses you.
You hit the bombardier beetle but do no damage.
The liquid fire burns you!
The bombardier beetle sprays incendiary fluid at you.
The burning spray hits you.
You are even more covered in liquid fire!
You slash the bombardier beetle!
The bombardier beetle is severely wounded.
The liquid fire burns you!
The bombardier beetle sprays incendiary fluid at you.
The burning spray hits you.
You are even more covered in liquid fire!
You hit the bombardier beetle.
The bombardier beetle is almost dead.
The liquid fire burns you!
* * * LOW HITPOINT WARNING * * *
You slash the bombardier beetle!
You kill the bombardier beetle!
Trog accepts your kill. The liquid fire burns you!
* * * LOW HITPOINT WARNING * * *
You shake off some of the fire as you move.
The liquid fire burns you!
* * * LOW HITPOINT WARNING * * *
You shake off some of the fire as you move.
The liquid fire burns you!
* * * LOW HITPOINT WARNING * * *
You shake off some of the fire as you move.
The liquid fire burns you!
* * * LOW HITPOINT WARNING * * *
You shake off some of the fire as you move.
The liquid fire burns you!
* * * LOW HITPOINT WARNING * * *
You shake off some of the fire as you move.
The liquid fire burns you!
You die...

###.#....#####....#
#.###..........##
#.......#####.##
#########...# #.#
..........>.# #.#
##..........#####.#
...#######........#
####################
##..............@..#
##.###############.#
##.##### *,#
##.#####
*,***********
##.#####
*,*,,,,,,,,,*
<#.#####
*,*,*******,*
##.#####
****,*,*<,,,**,*
##.#####
*,,,,*,****,**,*
##.#####
*,****,,,,,,**,*


There were no monsters in sight!

Vanquished Creatures
  A bombardier beetle (D:3)
  An orc priest (D:3)
  Jessica (D:3)
  2 orc wizards (D:3)
  A gnoll (D:1)
  4 adders
  A dart slug (D:2)
  3 ribbon worms
  An orc (D:3)
  4 ball pythons
  7 endoplasms
  2 giant cockroaches
  7 goblins
  5 hobgoblins
  3 kobolds
  4 bats
  2 frilled lizards
  5 rats
54 creatures vanquished.

Notes
Turn   | Place    | Note
-------+----------+-------------------------------------------
     0 | D:1      | tilp the Minotaur Berserker began the quest for the Orb.
     0 | D:1      | Reached XP level 1. HP: 19/19 MP: 0/0
   459 | D:1      | Reached XP level 2. HP: 27/27 MP: 1/1
   601 | D:1      | Reached skill level 4 in Axes
   653 | D:2      | Reached XP level 3. HP: 33/33 MP: 2/2
   818 | D:2      | Found an ornate altar of the Wu Jian Council.
   829 | D:2      | Reached ** piety under Trog
   911 | D:2      | Reached skill level 1 in Stealth
  1441 | D:3      | Reached XP level 4. HP: 40/40 MP: 3/3
  1469 | D:3      | Reached skill level 5 in Axes
  1469 | D:3      | Reached XP level 5. HP: 37/47 MP: 4/4
  1633 | D:3      | Noticed Jessica
  1634 | D:3      | Killed Jessica
  1695 | D:3      | Found a radiant altar of Vehumet.
  1695 | D:3      | Found a glowing silver altar of Zin.
  1704 | D:3      | Found a glowing golden altar of the Shining One.
  1706 | D:3      | Found a basalt altar of Yredelemnul.
  1708 | D:3      | Found a stormy altar of Qazlal.
  2110 | D:3      | HP: 2/47 [burnt (3)]
  2111 | D:3      | Incinerated by a bombardier beetle

Illustrated notes

Levels and vault maps discovered:
D:1:      dpeg_arrival_another_circle, layout_basic
D:2:      layout_rooms, basic_altar
D:3:      layout_basic, chequers_temple_overflow_minitemple, st_stairs_6,
          grunt_ministairs_10, uniq_jessica

Skill      XL: |  1  2  3  4 |
---------------+-------------+-----
Axes           | 4 5 |  5.4
Fighting       | 4 |  4.6
Armour         | 3 |  3.8
Stealth        | 1 |  1.8
Dodging        | 3 |  3.3

Action                     |  1- 3 |  4- 6 || total
---------------------------+-------+-------++-------
  Melee: Hand axe          |    64 |    29 ||    93
         Headbutt          |    10 |     6 ||    16
         War axe           |       |     8 ||     8
         Punch             |       |     1 ||     1
 Invoke: Berserk           |     1 |     1 ||     2
    Use: Scroll            |     8 |       ||     8
 Armour: Animal skin       |     8 |       ||     8
         Scale mail        |    22 |       ||    22
         Chain mail        |     2 |    16 ||    18
  Dodge: Dodged            |    43 |    16 ||    59
